 Dungeon Crawl Stone Soup version 0.28-a0-998-gb9e9c7b (webtiles) character file.

Game seed: 17280433695675569120

3225 HDogLeCool the Fighter (level 9, -5/81 HPs)
             Began as a Demonspawn Fighter on Dec 5, 2021.
             Was a Believer of Yredelemnul.
             Slain by a hornet (11 damage)
             ... while paralysed by a hornet
             ... on level 8 of the Dungeon on Dec 6, 2021.
             The game lasted 00:20:22 (8323 turns).

HDogLeCool the Fighter (Demonspawn Fighter)         Turns: 8323, Time: 00:20:22

Health: -5/81      AC: 18    Str: 21    XL:     9   Next: 66%
Magic:  9/9        EV:  2    Int: 10    God:    Yredelemnul [**....]
Gold:   381        SH:  0    Dex: 12    Spells: 8/8 levels left

rFire   . . .      SeeInvis .   a - +4 spear
rCold   . . .      Faith    .   c - +0 buckler
rNeg    . . .      Spirit   .   g - +1 plate armour
rPois   .          Reflect  .   (no helmet)
rElec   .          Harm     .   u - +0 cloak
rCorr   .          Rampage  .   (no gloves)
Will    +....                   (no boots)
Stlth   ..........              (no amulet)
HPRegen 0.23/turn               n - ring of willpower
MPRegen 0.11/turn               i - ring of wizardry

@: paralysed, lethally poisoned (-5 -> -12), slowed, studying Fighting
A: thin metallic scales 2, foul stench 1, demonic magic 1, demonic touch 2
a: Renounce Religion, Animate Remains, Recall Undead Slaves, Injury Mirror


You were on level 8 of the Dungeon.
You worshipped Yredelemnul.
Yredelemnul was pleased with you.
You visited 1 branch of the dungeon, and saw 8 of its levels.

You collected 381 gold pieces.

Inventory:

Hand Weapons
 a - a +4 spear (weapon)
 h - a +0 long sword
 D - a +0 war axe of flaming
Missiles
 d - a throwing net
 m - 66 poisoned darts (quivered)
Armour
 b - a +0 scale mail
 c - a +0 buckler (worn)
 g - a +1 plate armour (worn)
 u - a +0 cloak (worn)
Jewellery
 i - a ring of wizardry (right hand)
 n - a ring of willpower (left hand)
 C - a ring of wizardry
Wands
 f - a wand of acid (10)
 j - a wand of digging (7)
 p - a wand of iceblast (10)
 r - a wand of polymorph (12)
 x - a wand of charming (8)
 z - a wand of paralysis (4)
Scrolls
 e - 2 scrolls of enchant armour
Potions
 k - a potion of flight
 l - a potion of haste
 o - 2 potions of ambrosia
 q - a potion of curing
 s - 2 potions of attraction
 v - a potion of lignification
 E - a potion of berserk rage {unknown}


   Skills:
 * Level 11.2 Fighting
 - Level 2.2 Long Blades
 * Level 7.7 Polearms
 + Level 6.2 Armour
 - Level 4.0 Shields


You had 8 spell levels left.
You didn't know any spells.
Your spell library contained the following spells:

 Spells                   Type           Power      Damage    Failure   Level
 Magic Dart               Conj           0%         1d3       95%         1
 Searing Ray              Conj           0%         2d4       98%         2
 Airstrike                Air            0%         N/A       100%        4
 Fulminant Prism          Conj/Hex       0%         3d6       100%        4
 Summon Lightning Spire   Summ/Air       0%         N/A       100%        4
 Lightning Bolt           Conj/Air       0%         1d11      100%        5


Dungeon Overview and Level Annotations

Branches:
Dungeon (8/15)             Temple (0/1) D:6
   Lair: D:8-11

Altars:
Fedhas
Yredelemnul

Annotations:
D:6 3 runed translucent doors, Ayyar's ghost, novice FoAM


Innate Abilities, Weirdness & Mutations

You are mostly covered in thin metallic scales. (AC +3)
You may rarely emit foul miasma when damaged in melee.
Spells you cast may paralyse adjacent enemies.
Your touch may inflict irresistible damage on your foes.


Message History

You are poisoned.
You feel as though you will be slow longer.
You closely miss the hornet.
The hornet is moderately wounded.
You feel sick.
The hornet stings you but does no damage.
The hornet stings you!
You feel as though you will be slow longer.
You hit the hornet.
The hornet is moderately wounded.
You feel sick. The hornet stings you!
You feel as though you will be slow longer.
You closely miss the hornet.
The hornet is moderately wounded.
You feel sick.
The hornet stings you but does no damage. x2
You puncture the hornet!
The hornet is heavily wounded.
You feel sick. The hornet stings you!
You are more poisoned.
You feel as though you will be slow longer.
An orc comes into view. It is wielding a +0 dagger.
You feel better.
The orc shouts!
The hornet stings you!
* * * LOW HITPOINT WARNING * * *
You feel as though you will be slow longer.
The hornet closely misses you. The hornet stings you!
* * * LOW HITPOINT WARNING * * *
You are lethally poisoned!
You suddenly lose the ability to move!
* * * LOW HITPOINT WARNING * * *
You feel very sick. The hornet stings you.
* * * LOW HITPOINT WARNING * * *
You feel as though you will be slow longer.
* * * LOW HITPOINT WARNING * * *
You feel sick. The hornet stings you!
You die...
Your body rises from the dead as a mindless zombie.

#...##..###(..#.
#...##..........
#..............#
#...#...........
#...##..........
#...##.........#
#.#####.......(.
#. ###..........
.. #....@y.....#
#.#
#...........#
#(.......o...
...>..#...##...
####..##.## ..#
..# .. # ..# ..
.## .#.


You could see a hornet and an orc.

Vanquished Creatures
  Harold (D:7)
  Pikel (D:5)
  Sigmund (D:6)
  A wyvern (D:7)
  Edmund (D:6)
  2 water moccasins
  2 necrophages
  2 black bears
  2 centaurs (D:8)
  3 lemures
  A kobold brigand (D:5)
  A bullfrog (D:6)
  A wyvern zombie (D:6)
  3 scorpions
  2 howler monkeys
  Crazy Yiuf (D:7)
  2 orc priests
  A centaur skeleton (D:7)
  2 iguanas
  2 orc wizards (D:5)
  A killer bee zombie (D:7)
  A hound zombie (D:5)
  A hound skeleton (D:3)
  A gnoll (D:1)
  2 howler monkey skeletons
  5 adders
  A shadow imp (D:6)
  An ufetubus (D:6)
  2 adder skeletons (D:4)
  A worm (D:3)
  3 dart slugs
  9 orcs
  8 endoplasms
  4 giant cockroaches
  5 goblins
  8 hobgoblins
  5 jackals
  2 quokkas
  4 ball pythons
  6 bats
  2 frilled lizards
  8 kobolds
  4 rats
116 creatures vanquished.

Vanquished Creatures (collateral kills)
  A necrophage (D:4)
  An adder (D:4)
  An orc (D:5)
  A hobgoblin (D:4)
  2 kobolds (D:6)
  A rat (D:3)
7 creatures vanquished.

Vanquished Creatures (others)
  A sky beast (D:8)
  A centaur zombie (D:8)
  A bullfrog zombie (D:6)
  2 black bear zombies
  2 kobold zombies
  3 adder zombies
  A ball python zombie (D:4)
  A giant cockroach zombie (D:4)
  A goblin zombie (D:4)
  A human zombie (D:6)
  A necrophage skeleton (D:4)
  A scorpion zombie (D:5)
  63 plants
79 creatures vanquished.

Grand Total: 202 creatures vanquished

Notes
Turn   | Place    | Note
-------+----------+-------------------------------------------
     0 | D:1      | HDogLeCool the Demonspawn Fighter began the quest for the
                  | Orb.
     0 | D:1      | Reached XP level 1. HP: 18/18 MP: 1/1
   368 | D:1      | Gained mutation: You are partially covered in thin metallic
                  | scales. (AC +2) [demonic ancestry]
   368 | D:1      | Reached XP level 2. HP: 24/24 MP: 2/2
   580 | D:1      | Found a faded altar of an unknown god.
   585 | D:1      | Prayed at the altar of an unknown god.
   585 | D:1      | Became a worshipper of Yredelemnul the Dark
   585 | D:1      | Reached * piety under Yredelemnul
   768 | D:1      | Gained mutation: You may rarely emit foul miasma when
                  | damaged in melee. [demonic ancestry]
   768 | D:1      | Reached XP level 3. HP: 28/29 MP: 3/3
  1665 | D:2      | Reached skill level 1 in Polearms
  2213 | D:3      | Noticed a scorpion
  2225 | D:3      | Killed a scorpion
  2226 | D:3      | Gained mutation: Your touch may inflict minor irresistible
                  | damage on your foes. [demonic ancestry]
  2226 | D:3      | Reached XP level 4. HP: 32/35 MP: 4/4
  2294 | D:3      | Reached ** piety under Yredelemnul
  2312 | D:3      | Found a blossoming altar of Fedhas.
  2545 | D:3      | Reached XP level 5. HP: 38/41 MP: 5/5
  3065 | D:4      | Noticed a necrophage
  3074 | D:4      | Killed a necrophage
  3410 | D:4      | Gained mutation: Spells you cast may paralyse adjacent
                  | enemies. [demonic ancestry]
  3410 | D:4      | Reached XP level 6. HP: 48/48 MP: 6/6
  3417 | D:4      | Reached skill level 4 in Fighting
  3504 | D:4      | Identified the +1 robe of Shielding {rC- rCorr Slay+3}
  3755 | D:5      | Entered Level 5 of the Dungeon
  3859 | D:5      | Noticed Pikel
  4082 | D:5      | Reached XP level 7. HP: 55/55 MP: 7/7
  4634 | D:5      | Identified a scroll of acquirement
  4634 | D:5      | Acquired a manual of Fighting
  4696 | D:5      | Killed Pikel
  4697 | D:5      | Reached skill level 6 in Fighting
  4697 | D:5      | Reached skill level 5 in Polearms
  4697 | D:5      | Gained mutation: Your touch may inflict irresistible damage
                  | on your foes. [demonic ancestry]
  4697 | D:5      | Reached XP level 8. HP: 50/65 MP: 8/8
  4872 | D:6      | Reached skill level 7 in Fighting
  5033 | D:6      | Noticed Ayyar's ghost (novice FoAM)
  5158 | D:6      | Found a staircase to the Ecumenical Temple.
  5161 | D:6      | Reached skill level 5 in Armour
  5196 | D:5      | Reached skill level 8 in Fighting
  5277 | D:6      | Noticed Edmund
  5334 | D:5      | Your ally Pikel died
  5391 | D:6      | Found a runed translucent gate.
  5391 | D:6      | Found a runed translucent gate.
  5391 | D:6      | Found a runed translucent gate.
  5466 | D:6      | Killed Edmund
  5663 | D:6      | Reached *** piety under Yredelemnul
  5668 | D:6      | Your ally Edmund died
  5930 | D:6      | Noticed Sigmund
  5947 | D:6      | Killed Sigmund
  5948 | D:6      | Reached skill level 9 in Fighting
  6273 | D:7      | Gained mutation: You are mostly covered in thin metallic
                  | scales. (AC +3) [demonic ancestry]
  6273 | D:7      | Reached XP level 9. HP: 76/76 MP: 9/9
  6378 | D:7      | Noticed Harold
  6403 | D:7      | Killed Harold
  6404 | D:7      | Reached skill level 10 in Fighting
  7207 | D:7      | Found a runed translucent door.
  7208 | D:7      | Noticed Crazy Yiuf
  8137 | D:7      | Killed Crazy Yiuf
  8239 | D:8      | Reached skill level 11 in Fighting
  8321 | D:8      | Paralysed by a hornet for 3 turns
  8323 | D:8      | Slain by a hornet

Illustrated notes

Levels and vault maps discovered:
D:1:      matt_arrival_refuge, layout_basic, ebering_ecumenical_altar_hall
D:2:      layout_loops_ring
D:3:      layout_basic, fedhas_altar_fruit_tree, serial_bayou_lagoon_a,
          grunt_ministairs_7
D:4:      layout_loops_ring
D:5:      layout_basic, kennysheep_boxes, uniq_pikel
D:6:      minmay_general_purpose_star, layout_cave_pools,
          minmay_temple_entry_mist, gammafunk_ghost_icy, uniq_sigmund,
          uniq_edmund
D:7:      layout_basic, minmay_fountain_box, kennysheep_generic_room_6,
          uniq_crazy_yiuf_cottage, uniq_harold
D:8:      layout_rooms, lair_entry_dummy, uniq_grum

Skill      XL: |  1  2  3  4  5  6  7  8  9 |
---------------+----------------------------+-----
Long Blades    | 2 |  2.2
Shields        | 3 4 |  4.0
Armour         | 3 4 5 6 |  6.2
Polearms       | 1 2 3 5 6 7 |  7.7
Fighting       | 4 6 9 11 | 11.2

Action                   |  1- 3 |  4- 6 |  7- 9 || total
-------------------------+-------+-------+-------++-------
Melee: Long sword        |    54 |       |       ||    54
       Spear             |    71 |   124 |   271 ||   466
Throw: Dart              |       |       |     5 ||     5
Invok: Animate Remains   |     3 |    12 |     8 ||    23
       Recall Undead Sla |       |     1 |       ||     1
       Animate Dead      |       |       |     5 ||     5
  Use: Scroll            |       |     1 |    15 ||    16
       Potion            |       |       |     4 ||     4
 Stab: Distracted        |       |       |     4 ||     4
Armor: Scale mail        |    42 |       |       ||    42
       Plate armour      |    41 |    62 |    92 ||   195
Dodge: Dodged            |    39 |    19 |    47 ||   105
Block: Buckler           |    24 |    18 |    42 ||    84

Table legend: (Time is in decaauts)
 A = Elapsed time spent in this place.
 B = Non-inter-level travel time spent in this place.
 C = Inter-level travel time spent in this place.
 D = Time resting spent in this place.
 E = Time spent auto-exploring this place.
 F = Levels seen in this place.
 G = Mean time per level.
                   A        B        C        D        E       F      G
               +--------+--------+--------+--------+--------+-----+--------+
         Total |   8316 |   7841 |    475 |   1218 |   5172 |   8 | 1039.5 |
       Dungeon |   8316 |   7841 |    475 |   1218 |   5172 |   8 | 1039.5 |
               +--------+--------+--------+--------+--------+-----+--------+

Top non-repeatable levels by time:
     D:7: 1987 daAuts
     D:6: 1220 daAuts
     D:1: 1167 daAuts
     D:5: 1137 daAuts
     D:3: 995 daAuts
     D:4: 880 daAuts
     D:2: 822 daAuts
     D:8: 105 daAuts
